 Dungeon Crawl Stone Soup version 0.20-a0-548-g4f8a798 (webtiles) character file.

319 Mobo the Digger (level 6, 0/32 HPs)
             Began as a Gargoyle Earth Elementalist on Feb 1, 2017.
             Slain by a river rat (6 damage)
             ... on level 4 of the Dungeon.
             The game lasted 00:10:48 (3646 turns).

Mobo the Digger (Gargoyle Earth Elementalist)       Turns: 3646, Time: 00:10:48

Health: 0/32       AC:  7    Str: 12    XL:     6   Next: 46%
Magic:  1/13       EV: 12    Int: 17    God:
Gold:   277        SH:  0    Dex: 10    Spells: 5/14 levels left

rFire    . . .     SeeInvis .   p - +0 flail
rCold    . . .     Gourm    .   c - +1 robe
rNeg     + . .     Faith    .   (no shield)
rPois    ∞         Spirit   .   (no helmet)
rElec    +         Reflect  .   (no cloak)
rCorr    +         Harm     .   (no gloves)
MR       .....                  (no boots)
Stlth    +.........             (no amulet)
Regen    0.1/turn               (no ring)
                                w - ring of resist corrosion

@: very slightly contaminated, hasted, very quick
A: negative energy resistance 1, electricity resistance, unbreathing,
petrification resistance, rot immunity, AC +4
a: no special abilities


You were on level 4 of the Dungeon.
You were very hungry.

You visited 1 branch of the dungeon, and saw 4 of its levels.

You collected 277 gold pieces.

Inventory:

Hand Weapons
 m - a +0 war axe
 o - a +0 dagger
 p - a +0 flail (weapon)
 q - a +0 falchion
Missiles
 b - 108 stones (quivered)
Armour
 c - a +1 robe (worn)
Jewellery
 w - a ring of resist corrosion (left hand)
 x - an uncursed amulet of faith {unknown}
Scrolls
 a - 4 scrolls of teleportation
 g - 3 scrolls of remove curse
 h - a scroll of fear
Potions
 i - 2 potions of curing
 k - a potion of haste
 l - a potion of degeneration {unknown}
 n - a potion of brilliance {unknown}
 s - 2 potions of lignification {unknown}
 t - 3 potions of heal wounds {unknown}
 u - a potion of resistance {unknown}
Books
 e - a book of Geomancy

   Spells                             Type                      Level
   a - Sandblast                      Earth                        1
   b - Passwall                       Transmutation/Earth          2
   c - Stone Arrow                    Conjuration/Earth            3
   d - Petrify                        Transmutation/Earth          4
   e - Lee's Rapid Deconstruction     Earth                        5
Comestibles
 d - a bread ration
 f - 2 royal jellies
 j - a meat ration
 r - 3 fruits
 v - 8 chunks of flesh


   Skills:
 - Level 1.5 Dodging
 - Level 2.1 Stealth
 * Level 4.7 Spellcasting
 + Level 2.6 Conjurations
   Level 0.7 Transmutations
 + Level 5.2 Earth Magic


You had 5 spell levels left.
You knew the following spells:

 Your Spells              Type           Power        Failure   Level  Hunger
a - Sandblast             Erth           ###...       1%          1    None
b - Stone Arrow           Conj/Erth      ###...       10%         3    ###....
c - Lee's Rapid Deconstr  Erth           ###.......   58%         5    ######.


Dungeon Overview and Level Annotations

Branches:
Dungeon (4/15)
 Temple: D:4-7

Altars:
Zin
The Shining One

Shops:
D:3 *


Innate Abilities, Weirdness & Mutations

You are resistant to torment.
Your stone body is resilient. (AC +4)
You are immune to poison.
You resist negative energy. (rN+)
You are resistant to electric shocks. (rElec)
You can survive without breathing.
You are immune to petrification.
You are immune to rotting.


Message History

You are very lightly contaminated with residual magic.
You hit the river rat.
The river rat is heavily wounded.
The walls and floor vibrate strangely for a moment.
The river rat bites you.
You barely miss the river rat.
The river rat is heavily wounded.
The river rat bites you.
You hit the river rat but do no damage.
The river rat is heavily wounded.
The river rat misses you.
You closely miss the river rat.
The river rat is heavily wounded.
The river rat bites you.
* * * LOW HITPOINT WARNING * * *
Your unstable footing causes you to fumble your attack.
The river rat bites you but does no damage.
Your unstable footing causes you to fumble your attack.
The river rat bites you.
You die...

### ##.. ########### #...
#.........# #... #...####..# ##
#... #..##≈≈####≈≈## #...
####..#≈≈≈≈≈@rS≈≈# #...
#.....##≈≈####≈≈## ##'#
#......#≈## ≈# #.# #......#≈#
###+# #.# #).....#≈# #...#
####.# ###))....#≈## ####.#.#
#.....
#.'.....##≈≈####≈≈##..####+####
#.#.....#≈≈≈≈≈≈≈≈≈≈..........##
#.#.[...##≈≈####≈≈####.......##


You could see an adder and a river rat.

Vanquished Creatures
  An ogre (D:4)
  An orc wizard (D:3)
  3 worker ants (D:4)
  A gnoll (D:1)
  2 adders
  2 oozes (D:3)
  3 worms
  5 dart slugs
  2 leopard geckos
  12 orcs
  2 giant cockroaches
  6 goblins
  3 hobgoblins
  3 jackals (D:4)
  3 kobolds
  2 quokkas
  2 ball pythons
  16 bats
  3 frilled lizards
  7 rats
79 creatures vanquished.

Notes
Turn   | Place    | Note
-------+----------+-------------------------------------------
     0 | D:1      | Mobo the Gargoyle Earth Elementalist began the quest for the Orb.
     0 | D:1      | Reached XP level 1. HP: 10/10 MP: 3/3
   502 | D:1      | Reached XP level 2. HP: 15/15 MP: 1/5
   742 | D:1      | Reached skill level 4 in Earth Magic
   745 | D:1      | Reached XP level 3. HP: 19/19 MP: 0/7
   750 | D:1      | Learned a level 3 spell: Stone Arrow
  2022 | D:3      | Reached XP level 4. HP: 20/24 MP: 8/8
  2034 | D:3      | Reached skill level 1 in Conjurations
  2397 | D:3      | Found Zin's Purification Station.
  2397 | D:3      | Found a glowing silver altar of Zin.
  2635 | D:3      | Reached XP level 5. HP: 28/28 MP: 10/10
  2646 | D:3      | Learned a level 5 spell: Lee's Rapid Deconstruction
  3406 | D:4      | Reached skill level 5 in Earth Magic
  3406 | D:4      | Reached XP level 6. HP: 23/32 MP: 8/12
  3463 | D:4      | Found a glowing golden altar of the Shining One.
  3646 | D:4      | Slain by a river rat

Vault maps used:
D:1:      minmay_arrival_open_corners, minivault_25
D:2:      minmay_misc_feat_x
D:3:      zin_purify
D:4:      nicolae_overflow_crystal_walls, lemuel_crystal_altar,
          gup_sewer_entry_bubbles, minivault_4

Skill      XL: |  1  2  3  4  5 |
---------------+----------------+-----
Earth Magic    | 4 5 |  5.2
Spellcasting   | 3 4 |  4.7
Conjurations   | 1 2 |  2.6
Dodging        | |  1.5
Stealth        | |  2.1
Transmutations | |  0.7

Action                   |  1- 3 |  4- 6 || total
-------------------------+-------+-------++-------
Melee: Unarmed           |     2 |       ||     2
       War axe           |    55 |     9 ||    64
       Flail             |       |   119 ||   119
 Cast: Sandblast         |    29 |    23 ||    52
       Stone Arrow       |       |    12 ||    12
  Use: Scroll            |     7 |     1 ||     8
       Potion            |       |     2 ||     2
 Stab: Sleeping          |     3 |     6 ||     9
  Eat: Chunk             |     4 |     5 ||     9
Armor: Robe              |    39 |    62 ||   101
Dodge: Dodged            |    59 |   133 ||   192
